 Dungeon Crawl Stone Soup version 0.26.1-11-gd32895ea62 (webtiles) character file.

Game seed: 10707003436594525884

49 Zeld the Digger (level 3, -2/19 HPs)
             Began as a Gargoyle Earth Elementalist on June 6, 2021.
             Killed from afar by Sigmund (6 damage)
             ... with a puff of flame
             ... on level 2 of the Dungeon.
             The game lasted 00:02:27 (1707 turns).

Zeld the Digger (Gargoyle Earth Elementalist)       Turns: 1707, Time: 00:02:27

Health: -2/19      AC:  6    Str: 11    XL:     3   Next: 77%
Magic:  15/15      EV: 12    Int: 16    God:
Gold:   89         SH:  0    Dex: 10    Spells: 0/6 levels left

rFire    . . .     SeeInvis .   (no weapon)
rCold    . . .     Faith    .   (no shield)
rNeg     + . .     Spirit   .   c - +0 robe
rPois    ∞         Reflect  .   (no helmet)
rElec    +         Harm     .   (no cloak)
rCorr    .         Rampage  .   f - +0 pair of gloves
Will     .....                  (no boots)
Stlth    ++........             (no amulet)
HPRegen  0.06/turn              g - ring of magical power
MPRegen  0.14/turn              (no ring)

@: no status effects
A: negative energy resistance 1, electricity resistance, unbreathing,
petrification resistance, miasma immunity, AC +3
a: no special abilities


You were on level 2 of the Dungeon.
You visited 1 branch of the dungeon, and saw 2 of its levels.

You collected 89 gold pieces.

Inventory:

Missiles
 b - 7 stones (quivered)
Armour
 c - a +0 robe (worn)
 f - a +0 pair of gloves (worn)
Jewellery
 g - a ring of magical power (left hand)
Scrolls
 h - a scroll of teleportation {unknown}
 j - a scroll of amnesia {unknown}
 k - a scroll of blinking {unknown}
Potions
 a - a potion of might {unknown}
 d - 3 potions of curing {unknown}
 e - a potion of lignification {unknown}
 i - a potion of ambrosia {unknown}


   Skills:
 + Level 2.0 Dodging
 - Level 2.1 Stealth
 + Level 2.4 Spellcasting
 - Level 0.7 Transmutations
 * Level 4.7 Earth Magic


You couldn't memorise any spells.
You knew the following spells:

 Your Spells              Type           Power        Failure   Level
a - Sandblast             Erth           34%          2%          1
b - Passwall              Tmut/Erth      8%           10%         2
c - Stone Arrow           Conj/Erth      18%          22%         3

Your spell library contained the following spells:

 Spells                   Type           Power        Failure   Level
 Petrify                  Tmut/Erth      10%          54%         4
 Lee's Rapid Deconstruct  Erth           8%           61%         5


Dungeon Overview and Level Annotations

Branches:
Dungeon (2/15)

Altars:
The Shining One

Annotations:
D:2 Sigmund


Innate Abilities, Weirdness & Mutations

You are resistant to torment.
Your stone body is resilient. (AC +3)
You are immune to poison.
You resist negative energy. (rN+)
You are resistant to electric shocks. (rElec)
You can survive without breathing.
You are immune to petrification.
You are immune to miasma.


Message History

Sigmund flickers and vanishes!
Deactivating autopickup; reactivate with Ctrl-A.
There is a strange disturbance nearby!
There is a strange disturbance nearby!
There is a strange disturbance nearby!
There is a strange disturbance nearby!
You see here a ring mail.
You see here a rat corpse.
A puff of flame appears from out of thin air!
The puff of flame hits you! Something hits you but does no damage.
You hear some strange, mumbled words.
A puff of flame appears from out of thin air!
The puff of flame hits you!
* * * LOW HITPOINT WARNING * * *
You hear some strange, mumbled words.
Something tries to affect you, but you resist.
A puff of flame appears from out of thin air!
The puff of flame hits you.
You die...

########.#....
#####.....##....#.
#....†[......#..#.
+................. ..#
#..).#.......#....
#.####....#.......##.#.
#.#.......#..........#.
#.#...###.#############
#.#...@.#>..... ...
#.#...#.######.### ####
#.#...#....# ....# #...
#.#.†.####{# #..###.##
#........#.#.##.......#
########.........#.......#...
#)...............# ##........
#................# #..).#####
#...)........#.#####.[.......


There were no monsters in sight!

Vanquished Creatures
  2 worms (D:2)
  A leopard gecko (D:2)
  3 giant cockroaches (D:1)
  7 goblins
  4 hobgoblins
  6 jackals
  A quokka (D:2)
  5 bats
  2 frilled lizards
  2 kobolds
  6 rats
39 creatures vanquished.

Notes
Turn   | Place    | Note
-------+----------+-------------------------------------------
     0 | D:1      | Zeld the Gargoyle Earth Elementalist began the quest for
                  | the Orb.
     0 | D:1      | Reached XP level 1. HP: 10/10 MP: 3/3
   136 | D:1      | Reached XP level 2. HP: 15/15 MP: 0/5
   140 | D:1      | Reached skill level 4 in Earth Magic
   143 | D:1      | Learned a level 2 spell: Passwall
   846 | D:2      | Reached XP level 3. HP: 18/19 MP: 6/6
   850 | D:2      | Learned a level 3 spell: Stone Arrow
   983 | D:2      | Noticed Sigmund
  1379 | D:2      | Found a glowing golden altar of the Shining One.
  1707 | D:2      | Killed from afar by Sigmund

Illustrated notes

Levels and vault maps discovered:
D:1:      mainiacjoe_arrival_reflecting_pool, layout_rooms
D:2:      layout_basic, tso_metal_star, kennysheep_generic_room_6, uniq_sigmund

Skill      XL: |  1  2  3 |
---------------+----------+-----
Earth Magic    | 4 |  4.7
Dodging        | 2 |  2.0
Stealth        | |  2.1
Spellcasting   | |  2.4
Transmutations | |  0.7

Action                   || total
-------------------------++-------
Melee: Unarmed           ||    41
 Cast: Sandblast         ||    47
       Stone Arrow       ||     1
 Stab: Sleeping          ||     1
Armor: Robe              ||    33
Dodge: Dodged            ||    63
